Map: Orbital Shipyard

Players

dasoda

  • Race: Terran Terran
  • League: Silver

CunningStunt - Winner!

  • Race: Protoss Protoss
  • League: Gold

VOD

Have the link to the VOD?

Description

Time

  • Played on: Sept. 11, 2015, 11:10 a.m.
  • Length: 13:09
Show
View Real Time Build Order
Export as new Build Order

dasoda Terran 

Build Orders: Command Center First (CC) 

Get SALT Encoding   

  12  0:01  SCV  
  13  0:13  SCV  
  14  0:18  Supply Depot  
  14  0:25  SCV  
  15  0:39  SCV  
  16  0:52  SCV  
  17  1:01  Command Center  
  17  1:12  Barracks  
  17  1:18  Refinery  
  17  1:23  Refinery  
  17  1:27  SCV  
  18  1:39  SCV  
  19  1:51  SCV  
  20  2:01  Supply Depot, Marine  
  20  2:03  SCV  
  22  2:15  Orbital Command  
  22  2:18  SCV  
  23  2:35  Factory  
  23  2:41  SCV  
  23  2:44  Barracks Tech Lab  
  24  2:50  Orbital Command  
  24  3:04  SCV  
  24  3:10  Marine  
  25  3:16  SCV  
  26  3:21  SCV  
  27  3:28  SCV  
  27  3:29  Command Center  
  27  3:32  Supply Depot  
  27  3:33  Factory Tech Lab, SCV  
  29  3:38  Marine  
  30  3:42  SCV  
  30  3:46  Engineering Bay  
  31  3:48  SCV  
  31  3:54  SCV  
  33  3:58  Refinery  
  33  4:00  SCV  
  33  4:02  Refinery  
  34  4:09  Siege Tank  
  37  4:12  SCV  
  37  4:14  Missile Turret  
  37  4:22  Marauder  
  37  4:25  SCV  
  38  4:37  SCV  
  37  4:50  Barracks Tech Lab  
  37  5:05  Cyclone  
  40  5:15  Supply Depot, Marine  
  40  5:18  SCV x2  
  43  5:30  SCV x2, Starport  
  43  5:33  Marine  
  46  5:37  Siege Tank  
  49  5:55  Marine  
  50  5:58  Stimpack  
  46  6:08  Starport  
  46  6:09  Siege Tank  
  47  6:13  Marine  
  46  6:20  Supply Depot  
  46  6:22  Viking  
  48  6:27  Orbital Command  
  48  6:32  Marine  
  49  6:38  Fusion Core  
  49  6:50  Marine  
  50  7:02  Armory  
  50  7:08  Armory, Hi-Sec Auto Tracking  
  49  7:25  Starport Tech Lab x2  
  49  7:28  Starport  
  49  7:30  Supply Depot  
  49  7:31  SCV  
  49  7:36  SCV  
  51  7:42  Command Center  
  51  7:43  SCV  
  52  7:46  Marine  
  52  7:48  SCV  
  54  7:55  Terran Vehicle And Ship Armor Level 1, SCV  
  54  7:56  Terran Ship Weapons Level 1  
  55  8:00  Battlecruiser  
  55  8:04  Marine  
  62  8:07  Refinery  
  62  8:08  SCV  
  62  8:09  Refinery  
  62  8:12  Starport Tech Lab  
  63  8:15  Supply Depot  
  63  8:20  SCV  
  63  8:22  Marine  
  65  8:27  Command Center, Battlecruiser  
  65  8:32  SCV  
  72  8:38  Weapon Refit  
  72  8:40  Marine  
  73  8:43  Hellion  
  73  8:44  SCV  
  76  8:56  SCV  
  76  8:58  Marine  
  78  9:04  Hellion  
  78  9:08  SCV  
  81  9:15  Marine  
  80  9:17  Battlecruiser  
  80  9:20  SCV  
  87  9:25  Hellion  
  89  9:33  Command Center, Marine  
  89  9:34  Supply Depot  
  90  9:46  Battlecruiser x2  
  90  9:47  Hellion  
  90  9:50  Supply Depot  
  90  9:51  Marine  
  105  9:56  Barracks  
  105  9:59  Terran Vehicle And Ship Armor Level 2  
  105  10:08  Hellion  
  105  10:09  Marine  
  105  10:10  Terran Ship Weapons Level 2  
  108  10:14  Orbital Command  
  108  10:27  Marine  
  109  10:29  Orbital Command  
  109  10:30  Refinery  
  109  10:44  Barracks, Marine  
  110  10:54  Battlecruiser x2  
  122  11:02  Marine  
  123  11:10  Supply Depot  
  123  11:14  Supply Depot  
  123  11:17  Starport  
  123  11:18  SCV  
  123  11:19  Refinery  
  123  11:21  SCV  
  125  11:30  Battlecruiser, SCV  
  132  11:33  SCV, Behemoth Reactor  
  132  11:37  SCV  
  135  11:41  Hellion  
  135  11:42  SCV  
  135  11:45  SCV  
  139  11:49  SCV  
  124  11:55  SCV  
  124  11:57  SCV  
  108  12:07  SCV  
  94  12:09  SCV  
  94  12:15  Starport Tech Lab  
  60  12:57  Refinery  
Show
View Real Time Build Order
Export as new Build Order

CunningStunt Protoss - Winner!

Build Orders: 1 Gate Expand, Carrier Rush 

Get SALT Encoding   

  12  0:01  Probe (Chrono Boost)  
  13  0:11  Probe (Chrono Boost)  
  14  0:18  Pylon  
  14  0:21  Probe (Chrono Boost)  
  15  0:35  Probe (Chrono Boost)  
  15  0:39  Gateway  
  16  0:45  Probe (Chrono Boost)  
  17  0:56  Probe (Chrono Boost)  
  18  1:11  Assimilator  
  18  1:18  Nexus  
  18  1:26  Cybernetics Core  
  18  1:29  Assimilator  
  18  1:33  Probe (Chrono Boost)  
  18  1:39  Assimilator  
  19  1:43  Probe (Chrono Boost)  
  20  1:53  Probe (Chrono Boost)  
  21  2:03  Probe (Chrono Boost)  
  21  2:06  Pylon  
  22  2:13  Probe (Chrono Boost)  
  23  2:25  Mothership Core (Chrono Boost)  
  23  2:26  Adept  
  27  2:34  Probe (Chrono Boost)  
  28  2:43  Probe (Chrono Boost), Warp Gate  
  28  2:44  Probe (Chrono Boost)  
  30  2:53  Probe (Chrono Boost), Adept  
  30  2:57  Probe (Chrono Boost)  
  34  3:03  Probe (Chrono Boost), Assimilator  
  35  3:07  Probe (Chrono Boost), Pylon  
  35  3:09  Assimilator  
  36  3:13  Probe (Chrono Boost)  
  36  3:18  Probe (Chrono Boost)  
  38  3:23  Probe (Chrono Boost)  
  39  3:28  Probe (Chrono Boost), Stargate  
  39  3:33  Probe (Chrono Boost)  
  41  3:38  Probe (Chrono Boost)  
  42  3:43  Probe (Chrono Boost)  
  42  3:47  Pylon  
  43  3:48  Probe (Chrono Boost)  
  43  3:53  Probe (Chrono Boost)  
  45  3:58  Probe (Chrono Boost)  
  46  4:04  Probe (Chrono Boost)  
  46  4:05  Gateway, Pylon  
  46  4:08  Probe (Chrono Boost)  
  48  4:24  Oracle  
  48  4:26  Probe x2 (Chrono Boost)  
  53  4:34  Fleet Beacon  
  53  4:36  Probe x2 (Chrono Boost), Stargate  
  55  4:46  Probe x2 (Chrono Boost)  
  57  4:56  Probe (Chrono Boost)  
  57  4:58  Carrier x2 (Chrono Boost)  
  70  5:24  Pylon  
  70  5:38  Nexus  
  70  5:41  Pylon  
  70  5:42  Pylon  
  70  5:45  Gateway  
  70  5:49  Probe x2 (Chrono Boost)  
  72  5:59  Probe x2 (Chrono Boost)  
  72  6:02  Carrier x2 (Chrono Boost)  
  74  6:09  Probe (Chrono Boost)  
  75  6:20  Probe x2 (Chrono Boost)  
  77  6:29  Graviton Catapult  
  77  6:31  Probe  
  77  6:32  Protoss Air Weapons Level 1  
  90  6:37  Pylon  
  90  6:44  Twilight Council  
  90  6:48  Robotics Facility  
  90  6:50  Probe, Gateway  
  90  6:51  Gateway  
  90  6:52  Probe x2  
  93  6:54  Pylon  
  93  6:55  Assimilator  
  93  6:59  Pylon  
  93  7:00  Probe  
  93  7:01  Assimilator  
  93  7:04  Probe x2  
  93  7:06  Carrier x2 (Chrono Boost)  
  96  7:29  Probe  
  105  7:30  Probe  
  105  7:31  Probe  
  108  7:39  Probe  
  108  7:42  Probe, Observer  
  108  7:43  Probe  
  108  7:44  Charge  
  112  7:54  Pylon  
  112  7:57  Pylon  
  112  7:59  Forge  
  112  8:01  Pylon, Carrier (Chrono Boost)  
  112  8:02  Carrier (Chrono Boost)  
  112  8:05  Pylon  
  112  8:11  Pylon  
  112  8:14  Cybernetics Core  
  112  8:17  Probe  
  112  8:19  Probe x2  
  115  8:23  Zealot x3  
  115  8:24  Zealot x2  
  137  8:31  Probe x2  
  139  8:38  Observer  
  140  8:43  Gateway  
  140  8:46  Gateway  
  140  8:55  Carrier x2 (Chrono Boost)  
  140  8:56  Zealot x3  
  140  8:57  Zealot x2  
  162  9:29  Nexus  
  162  9:30  Probe  
  162  9:31  Pylon  
  162  9:32  Probe x2, Pylon  
  162  9:34  Pylon  
  162  9:37  Assimilator  
  165  9:42  Assimilator  
  165  9:49  Carrier x2 (Chrono Boost)  
  165  9:51  Photon Cannon  
  165  9:52  Photon Cannon  
  165  10:06  Protoss Air Weapons Level 2  
  165  10:07  Probe, Photon Cannon  
  165  10:08  Probe x2  
  165  10:09  Photon Cannon  
  165  10:11  Photon Cannon  
  165  10:12  Protoss Shields Level 1 (Chrono Boost)  
  165  10:13  Photon Cannon  
  180  10:20  Probe  
  182  10:28  Observer  
  182  10:54  Zealot x3, Stargate  
  182  10:55  Zealot x4  
  196  10:58  Pylon  
  196  11:01  Pylon  
  196  11:04  Pylon  
  196  11:14  Warp Prism  
  176  12:08  Shield Upgrade  
  162  12:40  Zealot x2  
  162  12:41  Zealot x5  
  172  13:06  Gateway x2  
  172  13:07  Gateway x2, Pylon  
Tags
 
Add a new tag
Caveats
  • Supply blocks, unpowered buildings, or Contaminate may cause inaccurate times.
  • Supply counts are checked every 10 seconds.